 Dungeon Crawl Stone Soup version 0.30.0-3-ga4e48a9924 (webtiles) character file.

Game seed: 9754975245448555313

28627 meatpath the Severer (level 13, -2/128 HPs)
             Began as a Minotaur Berserker on May 7, 2023.
             Was a High Priest of Trog.
             Slain by a thrashing horror (9 damage)
             ... on level 1 of the Abyss on May 8, 2023.
             The game lasted 00:41:05 (16878 turns).

meatpath the Severer (Minotaur Berserker)          Turns: 16878, Time: 00:41:06

Health: -2/128     AC: 16    Str: 24    XL:     13   Next: 10%
Magic:  12/12      EV:  8    Int:  6    God:    Trog [*****.]
Gold:   1037       SH:  6    Dex: 11    Spells: 12/12 levels left

rFire   + + .        p - +4 broad axe (flame)
rCold   + . .        K - +0 buckler
rNeg    + . .        A - +0 plate armour
rPois   .            F - +0 hat
rElec   .            m - scarf {rC+ rF+}
rCorr   .            B - +0 pair of gloves
SInv    .            (no boots)
Will    .....        z - amulet of faith Stlth
                     v - ring of positive energy
HPRegen 0.41/turn    n - ring of protection from fire
MPRegen 0.13/turn

%: faith
@: silenced, flying, hasted, very quick
A: horns 2, retaliatory headbutt
a: Renounce Religion


You were on level 1 of the Abyss.
You worshipped Trog.
Trog was extremely pleased with you.
You visited 2 branches of the dungeon, and saw 15 of its levels.
You visited the Abyss 1 time.

You collected 1037 gold pieces.

Inventory:

Hand Weapons
 p - a +4 broad axe of flaming (weapon)
 E - a +4 heavy broad axe
Missiles
 J - 5 throwing nets (quivered)
Armour
 m - a scarf of resistance (worn)
 s - a +0 cloak
 A - a +0 plate armour (worn)
 B - a +0 pair of gloves (worn)
 F - a +0 hat (worn)
 K - a +0 buckler (worn)
Jewellery
 n - a ring of protection from fire (right hand)
 v - a ring of positive energy (left hand)
 y - a ring of see invisible
 z - an amulet of faith (around neck)
 N - a ring of poison resistance
Wands
 u - a wand of flame (74)
 D - a wand of iceblast (15)
 G - a wand of paralysis (26)
Scrolls
 c - 2 scrolls of butterflies
 d - 8 scrolls of teleportation
 g - 4 scrolls of fear
 j - 5 scrolls of enchant armour
 t - 3 scrolls of noise
 x - 3 scrolls of fog
 I - 2 scrolls of poison
Potions
 a - 3 potions of invisibility
 e - a potion of berserk rage
 f - a potion of haste
 i - 5 potions of curing
 k - a potion of magic
 l - 2 potions of mutation {unknown}
 o - 2 potions of lignification {unknown}
 q - a potion of ambrosia {unknown}
 r - 2 potions of flight
 w - 2 potions of heal wounds {unknown}
 H - a potion of attraction {unknown}
 M - 2 potions of might {unknown}


   Skills:
 + Level 15.7 Fighting
 + Level 15.7 Axes
 + Level 11.9 Armour
 - Level 2.1 Dodging
 - Level 10.3 Shields


You had 12 spell levels left.
You didn't know any spells.
Your spell library was empty.

Dungeon Overview and Level Annotations

Branches:
Dungeon (12/15)            Temple (0/1) D:4            Lair (3/5) D:11
 Shoals (0/4) Lair:2          Orc (0/2) D:11
  Snake: Lair:2-3    Spider: Lair:2-3

Altars:
Ashenzari
Cheibriados
Hepliaklqana
Kikubaaqudgha
Nemelex Xobeh
Ru
Vehumet
Yredelemnul

Shops:
D:2 [

Portals:
Trove: D:10 (give 8 scrolls of blinking)

Annotations:
D:10 Need flying
Lair:2 3 runed translucent doors, Palms's ghost, journeyman DEAE
Lair:3 exclusion: oklob plant, Sonja


Innate Abilities, Weirdness & Mutations

You have a pair of horns on your head.
You reflexively headbutt those who attack you in melee.


Message History

The large abomination attacks as you move away!
The large abomination hits you!!
The thrashing horror tramples you but does no damage.
The thrashing horror tramples you.
* * * LOW HITPOINT WARNING * * *
You hold your ground!
Unknown command.
You feel yourself speed up. The thrashing horror tramples you!
* * * LOW HITPOINT WARNING * * *
You stumble backwards!
The small abomination hits you but does no damage.
The large abomination hits you!
* * * LOW HITPOINT WARNING * * *
The thrashing horror tramples you!
* * * LOW HITPOINT WARNING * * *
You hold your ground!
The thrashing horror tramples you but does no damage.
Blink to where?
Press: ? - help, Dir - move target
As you read the scroll of blinking, it crumbles to dust.
A thrashing horror comes into view.
The thrashing horror roars!
The thrashing horror tramples you.
* * * LOW HITPOINT WARNING * * *
You hold your ground!
The thrashing horror tramples you but does no damage.
The thrashing horror closely misses you.
You furiously retaliate!
You headbutt the thrashing horror! The thrashing horror barely misses you.
It was a potion of flight.
You feel very buoyant.
You fly up into the air.
The thrashing horror tramples you but does no damage. x2
The thrashing horror attacks as you move away!
The thrashing horror closely misses you. x2
You can't see any enemies this would affect, really read the scroll of fear?
Okay, then.
As you read the scroll of silence, it crumbles to dust.
A profound silence engulfs you. The thrashing horror tramples you!
You die...

## ... .#.#.
....##
#....# ##
.#..#
#.##...##..
#.X........
#.X##..#..#
##@...#.# .
#.........#
#.#......##
...#.#####..
... .#. ..
#... # .
#... # ##.#


You could see 2 thrashing horrors.

Vanquished Creatures
  Harold (D:10)
  A centaur warrior (D:12)
  4 two-headed ogres
  5 death yaks (Lair:1)
  Pikel (D:4)
  2 deep elf pyromancers (D:12)
  11 elephants
  A cyclops (D:12)
  Joseph (D:10)
  A merfolk siren (Lair:2)
  A demonic crawler (Abyss:1)
  2 cane toads
  A torpor snail (Lair:2)
  2 unseen horrors
  A kobold demonologist (D:9)
  7 komodo dragons
  4 trolls
  2 polar bears (D:8)
  Grinder (D:3)
  Sigmund (D:3)
  2 wyverns
  20 yaks
  A wraith (D:12)
  Eustachio (D:6)
  An unseen horror simulacrum (D:8)
  2 basilisks
  8 vampire mosquitoes
  2 steam dragons
  Menkaure (D:5)
  An acid dragon (D:12)
  5 water moccasins
  5 orc warriors
  Duvessa (D:6)
  6 ice beasts
  2 black bears
  A wolf (D:8)
  7 centaurs
  A lemure (D:3)
  A phantom (D:5)
  5 bullfrogs
  A gnoll sergeant (D:7)
  3 kobold brigands
  3 scorpions
  Blork the orc (D:6)
  Dowan (D:6)
  17 killer bees
  3 electric eels (D:8)
  2 hounds
  A quasit (Abyss:1)
  3 jellies
  Crazy Yiuf (D:3)
  4 orc priests
  2 gnoll boudas
  3 iguanas
  12 orc wizards
  2 centaur simulacra (D:8)
  2 killer bee simulacra (D:8)
  14 gnolls
  9 adders
  A shadow imp (D:6)
  20 white imps
  3 ufetubi
  3 worms
  2 dart slugs
  37 orcs
  9 ball pythons
  5 bats
  10 endoplasms
  6 giant cockroaches
  11 goblins
  5 hobgoblins
  12 jackals
  20 kobolds
  7 quokkas
  3 frilled lizards
  11 rats
372 creatures vanquished.

Vanquished Creatures (others)
  13 fungi
  15 plants
28 creatures vanquished.

Grand Total: 400 creatures vanquished

Notes
Turn   | Place    | Note
-------+----------+-------------------------------------------
     0 | D:1      | meatpath the Minotaur Berserker began the quest for the
                  | Orb.
     0 | D:1      | Reached XP level 1. HP: 19/19 MP: 0/0
   110 | D:1      | Reached XP level 2. HP: 23/27 MP: 1/1
   405 | D:1      | Reached ** piety under Trog
   409 | D:1      | Reached XP level 3. HP: 25/33 MP: 2/2
   799 | D:2      | Found Mosheock's Armour Emporium.
  1097 | D:2      | Found a hazy altar of Hepliaklqana.
  1144 | D:2      | Reached XP level 4. HP: 41/41 MP: 3/3
  1925 | D:3      | Noticed Grinder
  1938 | D:3      | Paralysed by Grinder for 3 turns
  1943 | D:3      | Killed Grinder
  1944 | D:3      | Reached skill level 5 in Fighting
  1944 | D:3      | Reached skill level 5 in Axes
  1944 | D:3      | Reached XP level 5. HP: 46/48 MP: 4/4
  1944 | D:3      | Reached XP level 6. HP: 54/56 MP: 5/5
  2234 | D:3      | Reached skill level 5 in Armour
  2325 | D:3      | Noticed Sigmund
  2335 | D:3      | Killed Sigmund
  2480 | D:3      | Found a runed translucent door.
  2481 | D:3      | Noticed Crazy Yiuf
  2487 | D:3      | Killed Crazy Yiuf
  2622 | D:4      | Reached XP level 7. HP: 63/63 MP: 6/6
  2993 | D:4      | Noticed Pikel
  3019 | D:4      | Killed Pikel
  3020 | D:4      | Reached XP level 8. HP: 73/73 MP: 7/7
  3121 | D:4      | Found a staircase to the Ecumenical Temple.
  3240 | D:4      | Reached *** piety under Trog
  3248 | D:4      | Found a sacrificial altar of Ru.
  3661 | D:5      | Entered Level 5 of the Dungeon
  3936 | D:5      | Found a basalt altar of Yredelemnul.
  4095 | D:5      | Noticed Menkaure
  4120 | D:5      | Killed Menkaure
  4861 | D:6      | Noticed Eustachio
  4879 | D:6      | Killed Eustachio
  5055 | D:6      | Noticed Blork the orc
  5066 | D:5      | Reached XP level 9. HP: 82/82 MP: 8/8
  5075 | D:6      | Killed Blork the orc
  5141 | D:6      | Found a radiant altar of Vehumet.
  5144 | D:6      | Found a hazy altar of Hepliaklqana.
  5179 | D:6      | Reached **** piety under Trog
  5275 | D:6      | Noticed Dowan
  5290 | D:6      | Noticed Duvessa
  5304 | D:6      | Killed Duvessa
  5425 | D:6      | Killed Dowan
  6897 | D:8      | Reached skill level 10 in Axes
  6944 | D:8      | Reached skill level 10 in Fighting
  7008 | D:8      | Reached skill level 10 in Armour
  7193 | D:8      | Noticed a polar bear
  7209 | D:8      | Killed a polar bear
  7210 | D:8      | Reached XP level 10. HP: 77/94 MP: 9/9
  8486 | D:9      | Reached ***** piety under Trog
  9433 | D:9      | Found a broken altar of Ashenzari.
  9440 | D:9      | Found a sparkling altar of Nemelex Xobeh.
  9731 | D:10     | Entered Level 10 of the Dungeon
  9830 | D:10     | Found a snail-covered altar of Cheibriados.
  9906 | D:10     | Found an ancient bone altar of Kikubaaqudgha.
  9917 | D:10     | Noticed Harold
  9918 | D:10     | Noticed Joseph
  9946 | D:10     | Killed Harold
  9947 | D:10     | Reached XP level 11. HP: 92/104 MP: 10/10
  9966 | D:10     | Killed Joseph
 10715 | D:10     | Found a portal to a secret trove of treasure.
 11299 | D:11     | Noticed a two-headed ogre
 11335 | D:11     | Killed a two-headed ogre
 11399 | D:11     | Found a staircase to the Lair.
 11938 | D:11     | Reached skill level 5 in Shields
 12009 | D:11     | Found a staircase to the Orcish Mines.
 12327 | D:11     | Noticed a two-headed ogre
 12335 | D:11     | Killed a two-headed ogre
 12439 | D:12     | Noticed a two-headed ogre
 12447 | D:12     | Killed a two-headed ogre
 12453 | D:12     | Noticed a deep elf pyromancer
 12686 | D:12     | Killed a deep elf pyromancer
 12860 | D:12     | Noticed a two-headed ogre
 12866 | D:12     | Killed a two-headed ogre
 12951 | D:12     | Noticed a centaur warrior
 12963 | D:12     | Killed a centaur warrior
 12964 | D:12     | Reached XP level 12. HP: 116/116 MP: 11/11
 12979 | D:12     | Received a gift from Trog
 13734 | Lair:1   | Entered Level 1 of the Lair of Beasts
 14287 | Lair:1   | Noticed a death yak
 14289 | Lair:1   | Noticed a death yak
 14304 | Lair:1   | Noticed a death yak
 14307 | Lair:1   | Killed a death yak
 14307 | Lair:1   | Noticed a death yak
 14307 | Lair:1   | Noticed a death yak
 14310 | Lair:1   | Killed a death yak
 14316 | Lair:1   | Killed a death yak
 14331 | Lair:1   | HP: 3/118 [komodo dragon (25)]
 14333 | Lair:1   | Reached skill level 15 in Axes
 14669 | Lair:1   | Reached skill level 15 in Fighting
 15109 | Lair:1   | Killed a death yak
 15113 | Lair:1   | Killed a death yak
 15404 | Lair:2   | Reached skill level 10 in Shields
 15968 | Lair:2   | Noticed Palms's ghost (journeyman DEAE)
 15971 | Lair:2   | Noticed an ice dragon
 15995 | Lair:2   | Found a runed translucent gate.
 15995 | Lair:2   | Found a runed translucent gate.
 15995 | Lair:2   | Found a runed translucent gate.
 16046 | Lair:2   | Found a staircase to the Shoals.
 16052 | Lair:2   | Reached XP level 13. HP: 124/127 MP: 12/12
 16215 | Lair:2   | Received a gift from Trog
 16633 | Lair:3   | Noticed Sonja
 16657 | Abyss:1  | Cast into level 1 of the Abyss (Sonja)
 16731 | Abyss:1  | Noticed a lich
 16736 | Abyss:1  | Noticed an ophan
 16819 | Abyss:1  | Found a corrupted altar of Lugonu.
 16875 | Abyss:1  | HP: 6/128 [thrashing horror (4)]
 16878 | Abyss:1  | Slain by a thrashing horror

Illustrated notes

Levels and vault maps discovered:
D:1:      eino_arrival_water_cross, layout_rooms
D:2:      layout_loops_ring, serial_shops, shop, basic_altar, serial_forest,
          infiniplex_forest_clump_small, infiniplex_forest_diagonal,
          infiniplex_forest_split, infiniplex_forest_end_3,
          infiniplex_forest_straight_3, infiniplex_forest_zigzag_1,
          infiniplex_forest_straight_4, infiniplex_forest_end_2,
          infiniplex_forest_straight_4
D:3:      kennysheep_big_flooded_room, layout_loops_ring,
          uniq_crazy_yiuf_cottage, uniq_grinder, uniq_sigmund
D:4:      layout_basic, nicolae_ru_awakened_eye, minmay_temple_entry_large_hall,
          uniq_pikel
D:5:      layout_gridville, kennysheep_mini, gup_sewer_entry_bubbles,
          uniq_menkaure
D:6:      layout_loops_ring, nicolae_overflow_squiral, uniq_blork_the_orc,
          uniq_duvessa, uniq_eustachio
D:7:      layout_gridville
D:8:      layout_cave_pods, serial_ice, serial_ice_e, serial_ice_d,
          serial_ice_f, serial_ice_a, serial_ice_j, serial_ice_h, serial_ice_g,
          serial_ice_o, serial_ice_n, serial_ice_b
D:9:      layout_irregular_city, minitemple, kennysheep_generic_room_15
D:10:     layout_cave_pods, kennysheep_little_box, general_overflow_altar,
          nicolae_trove_entry_columns, water_maze_lemuel, uniq_harold,
          uniq_joseph
D:11:     layout_basic, david_lair_generic
D:12:     layout_rooms, hangedman_decor_clover_reticule
Lair:1:   layout_regular_city, small_statue_intersection, lemuel_fruit_fields,
          serial_bayou_shore_b
Lair:2:   layout_regular_city, minmay_shoals_entry_lonely_mermaid,
          portal_ice_cave_entry_imps, gammafunk_ghost_icy,
          infiniplex_staircase_pool_2
Lair:3:   layout_loops_ring, spider_nest_entry_webs, gauntlet_entry_generic,
          serial_bayou_lake_a, uniq_sonja
Abyss:1:  base:
D:11

Skill      XL: |  1  2  3  4  5  6  7  8  9 10 11 12 |
---------------+-------------------------------------+-----
Axes           | 4 5 6 7 8 10 12 14 15 | 15.7
Fighting       | 4 5 6 7 8 10 12 13 15 | 15.7
Armour         | 3 4 5 6 8 10 11 | 11.9
Shields        | 2 7 10 | 10.3
Dodging        | |  2.1

Action                     |  1- 3 |  4- 6 |  7- 9 | 10-12 | 13-15 || total
---------------------------+-------+-------+-------+-------+-------++-------
  Melee: Hand axe          |    88 |     8 |       |       |       ||    96
         Headbutt          |    13 |    13 |    48 |    99 |    11 ||   184
         War axe           |       |    60 |   258 |   359 |       ||   677
         Punch             |       |       |     5 |     3 |       ||     8
         Broad axe         |       |       |       |   114 |    40 ||   154
 Invoke: Berserk           |       |     3 |     7 |     9 |     1 ||    20
         Trog's Hand       |       |       |     1 |     1 |     1 ||     3
         Brothers in Arms  |       |       |       |       |     1 ||     1
    Use: Scroll            |     3 |     3 |     3 |    13 |     5 ||    27
         Potion            |       |       |     1 |     1 |     5 ||     7
 Armour: Animal skin       |     9 |       |       |       |       ||     9
         Ring mail         |    10 |    11 |       |       |       ||    21
         Chain mail        |       |    16 |   120 |       |       ||   136
         Plate armour      |       |       |    63 |   331 |    28 ||   422
  Dodge: Dodged            |    70 |    33 |   118 |   182 |    20 ||   423
  Block: Buckler           |       |       |       |    87 |    19 ||   106
